AoeStats
← MengeZ0_

Arabia

505263207Analyzed
2v2 RM · 25d ago on Sep 8, 2026· 30m 35s· 4 players
Game mode
Random Map
Map size
Medium (4 player)
Population
200
Speed
Normal
Resources
Standard
Victory
Conquest
Starting age
Dark Age
Ending age
Imperial Age
RankedLock teamsTeams togetherTeam positionsShared explorationLock speedFull tech treeHidden civsTurbo modeCheats
Victory
Defeat
🇫🇷 Lithuanians · France
826
+14
🇫🇷 Celts · France
816
+14
🇩🇪 Khmer · Germany
824
-16
🇩🇪 Persians · Germany
737
-12
Le_Web
11:35 Feudal Age
12:28 Double-Bit Axe
12:37 Gold Mining
13:38 Wheelbarrow
14:47 Horse Collar
17:06 Man-at-Arms
18:32 Scale Mail Armor
20:20 Forging
20:06 Stone Mining
20:14 Arson
25:15 Castle Age
24:19 Loom
26:01 Padded Archer Armor
25:52 Fletching
25:38 Long Swordsman
26:44 Chain Mail Armor
26:42 Bow Saw
26:56 Gambesons
27:33 Hand Cart
27:23 Pikeman
30:12 Heavy Plow
Cailloux
9:47 Feudal Age
10:18 Double-Bit Axe
10:16 Horse Collar
17:18 Wheelbarrow
20:48 Castle Age
20:47 Gold Mining
20:51 Stone Mining
22:57 Forging
22:09 Light Cavalry
22:50 Husbandry
23:19 Bow Saw
23:13 Heavy Plow
25:26 Bloodlines
26:27 Iron Casting
25:58 Scale Barding Armor
26:23 Hand Cart
25:48 Pikeman
28:00 Elite Skirmisher
30:13 Stone Shaft Mining
30:08 Thumb Ring
31:18 Iron Casting
MengeZ0_
8:37 Loom
11:59 Feudal Age
22:02 Castle Age
22:08 Crossbowman
22:17 Crossbowman
23:26 Fletching
30:03 Wheelbarrow
BenUtzmich6717
9:50 Loom
11:48 Feudal Age
12:47 Double-Bit Axe
19:16 Castle Age
25:46 Bow Saw
Connection lost

Rejoining the realm…

Still unreachable

The connection could not be restored.

Session expired

The server has moved on; the page needs a fresh start.